 Dungeon Crawl Stone Soup version 0.24.0-13-gcf9b3192b9 (webtiles) character file.

Game seed: 1333742917910081201, levelgen mode: deterministic

0 Monsterracer the Conjurer (level 1, 0/13 HPs)
             Began as a Merfolk Conjurer on Nov 6, 2019.
             Slain by a jackal (2 damage)
             ... on level 2 of the Dungeon.
             The game lasted 00:00:24 (54 turns).

Monsterracer the Conjurer (Merfolk Conjurer)          Turns: 54, Time: 00:00:25

Health: 0/13       AC:  2    Str:  8    XL:     1   Next: 10%
Magic:  3/3        EV: 13    Int: 14    God:
Gold:   0          SH:  0    Dex: 14    Spells: 3/4 levels left

rFire    . . .     SeeInvis .   (no weapon)
rCold    . . .     Gourm    .   (no shield)
rNeg     . . .     Faith    .   a - +0 robe
rPois    .         Spirit   .   (no helmet)
rElec    .         Reflect  .   (no cloak)
rCorr    .         Harm     .   (no gloves)
MR       .....                  (no boots)
Stlth    ++........             (no amulet)
HPRegen  0.04/turn              (no ring)
MPRegen  0.08/turn              (no ring)

@: no status effects
A: change form in water, swift swim, stealthy swim
a: no special abilities


You were on level 2 of the Dungeon.
You were not hungry.

You visited 1 branch of the dungeon, and saw 2 of its levels.

Inventory:

Armour
 a - a +0 robe (worn)
Comestibles
 c - a ration


   Skills:
 + Level 0.2 Fighting
 - Level 2.6 Dodging
 - Level 2.1 Stealth
 - Level 2.0 Spellcasting
 - Level 3.2 Conjurations


You had 3 spell levels left.
You knew the following spells:

 Your Spells              Type           Power        Failure   Level  Hunger
a - Magic Dart            Conj           ##..         6%          1    ##.....

Your spell library contained the following spells:

 Spells                   Type           Power        Failure   Level  Hunger
 Searing Ray              Conj           ##....       10%         2    ###....
 Dazzling Spray           Conj/Hex       #.....       36%         3    ####...
 Iskenderun's Mystic Bla  Conj           ##......     52%         4    #####..
 Force Lance              Conj/Tloc      #.......     77%         4    #####..
 Fulminant Prism          Conj/Hex       #.........   77%         4    #####..


Dungeon Overview and Level Annotations

Branches:
Dungeon (2/15)

Altars:


Message History

The bat completely misses you.
You closely miss the bat.
The hobgoblin shouts! x2; You hear a bark!
The bat hits you but does no damage.
A jackal comes into view. x2
The bat barely misses you.
You closely miss the bat. The bat closely misses you.
A jackal comes into view.
The bat closely misses you. The bat hits you but does no damage.
The bat hits you. The bat barely misses you.
The jackal barks! x2
You hit the bat.
The bat is severely wounded.
The bat hits you but does no damage.
A jackal comes into view.
You closely miss the bat.
The bat is severely wounded.
The bat closely misses you. The bat hits you.
There is an open door here.
The jackal barks!
You hit the bat.
You kill the bat!
The hobgoblin hits you.
You see here a bat corpse.
You open the door. The hobgoblin closely misses you.
Found 4 gold pieces and a ring mail.
The jackal barely misses you.
Found 21 stones.
There is an open door here.
A rat comes into view.
The jackal bites you.
A bat comes into view.
The jackal misses you. The bat hits you but does no damage.
The bat closely misses you. The jackal barely misses you.
The bat closely misses you. The bat closely misses you.
The bat barely misses you.
Found 5 gold pieces.
The bat hits you but does no damage.
A hobgoblin comes into view. It is wielding a +0 club.
The bat misses you. The bat closely misses you.
An ooze comes into view.
The bat hits you.
Found a ration.
You see here 5 gold pieces.
The bat closely misses you. The bat misses you. The bat closely misses you.
The hobgoblin shouts!
Found a lumpy garnet amulet.
You hear a shout!
The bat hits you but does no damage.
A kobold comes into view. It is wielding a +0 short sword.
Found a chain mail and a ration.
A bat comes into view.
The bat closely misses you.
The kobold throws a stone.
The stone hits you but does no damage.
You see here a stone.
The bat barely misses you. The bat closely misses you.
The kobold throws a stone.
The stone misses you.
The stone barely misses the bat.
The bat closely misses you. The bat completely misses you.
Found a stone staircase leading down.
The bat closely misses you. The bat hits you but does no damage.
The kobold throws a stone.
The stone closely misses you.
The stone hits the bat.
The jackal bites you but does no damage.
Found a stone staircase leading down.
The bat closely misses you. The bat misses you.
Found 8 stones.
The bat hits you but does no damage. The bat barely misses you.
The kobold hits you but does no damage. The bat misses you.
The kobold throws a stone.
The stone completely misses you.
You hit the bat.
You kill the bat!
The bat misses you. The jackal barely misses you.
The kobold throws a stone.
The stone barely misses you. The bat hits you but does no damage.
The jackal closely misses you. The bat hits you but does no damage.
The jackal closely misses you.
There is a stone staircase leading down here.
The bat barely misses you. The jackal barely misses you. x2
The kobold hits you but does no damage. The jackal completely misses you.
You climb downwards.
Found a scroll labeled NETOKHL HOSAAG.
There is a stone staircase leading up here.
The jackal completely misses you. The jackal bites you.
The jackal closely misses you.
The kobold hits you with a +0 short sword. 2 gnolls and a kobold come into view.
The jackal bites you.
* * * LOW HITPOINT WARNING * * *
A gnoll comes into view. It is wielding a +0 whip.
The jackal bites you.
* * * LOW HITPOINT WARNING * * *
You miss the jackal.
The gnoll shouts! x2
The jackal bites you.
You die...

### # ..# ##.
##.##
...##...######
#.#?......g..
#..........#
#....gKg.#
#.@h#
##h#######
#######K.......
.......<..#####
#########.# .#
.. ##


You could see 3 gnolls, 2 jackals and 2 kobolds.

Vanquished Creatures
  2 bats (D:1)
2 creatures vanquished.

Notes
Turn   | Place    | Note
-------+----------+-------------------------------------------
     0 | D:1      | Monsterracer the Merfolk Conjurer began the quest for the
                  | Orb.
     0 | D:1      | Reached XP level 1. HP: 13/13 MP: 3/3
    51 | D:2      | HP: 4/13 [jackal (3)]
    54 | D:2      | Slain by a jackal

Levels and vault maps discovered:
D:1:      giann_horns, layout_rooms
D:2:      layout_loops_ring, chequers_ecumenical_altar_lobes,
          nicolae_gozag_cash_rules_everything_around_me

Action                   || total
-------------------------++-------
Melee: Unarmed           ||     7
Armor: Robe              ||    12
Dodge: Dodged            ||    44
